TOP OF THE 1ST |
---|
Baffin Island Beavers batting - Pitching for St. Louis Browns : RHP Scott Walker | Pitching: RHP Scott Walker | | Batting: RHB Tomás Díaz | 0-0: Ball 1-0: Foul Ball, location: 2F 1-1: Swinging Strike 1-2: Ball 2-2: Strikes out swinging | Batting: LHB Norberto Muńóz | 0-0: Ball 1-0: Ball 2-0: Ball 3-0: Called Strike 3-1: Foul Ball, location: 2F 3-2: Foul Ball, location: 2F 3-2: SINGLE (Line Drive, 89S) | Batting: RHB Dave Craig | 0-0: Called Strike 0-1: SINGLE (Line Drive, 4M) Norberto Muńóz to second | Batting: RHB Tony Morton | 0-0: Called Strike 0-1: Ball 1-1: Ball 2-1: Ball 3-1: Called Strike 3-2: Grounds into double play, 5-4-3 (Groundball, 56) | Top of the 1st over - 0 runs, 2 hits, 0 errors, 1 left on base; Baffin Island 0 - St. Louis 0 | BOTTOM OF THE 1ST |
---|
St. Louis Browns batting - Pitching for Baffin Island Beavers : RHP Jesse Little | Pitching: RHP Jesse Little | | Batting: RHB José Flores | 0-0: SINGLE (Line Drive, 34D) | Batting: RHB Carlos Alfaro | 0-0: Ball 1-0: Ball Passed Ball! José Flores to second 2-0: Ball 3-0: Called Strike 3-1: Base on Balls | Batting: LHB Mike Hill | 0-0: Ball 1-0: Swinging Strike 1-1: Swinging Strike 1-2: Fly out, F4 (Flyball, 4D) | Batting: RHB Adrian Prouse | 0-0: Called Strike 0-1: Ball 1-1: Ball 2-1: Fly out, F8 (Flyball, 8LXD) Runner from 2nd tags up, SAFE at 3rd, no throw | Batting: LHB Junior Coates | 0-0: Called Strike 0-1: Called Strike 0-2: Ball 1-2: Ball 2-2: Foul Ball, location: 2F 2-2: Fly out, F9 (Flyball, 9LS) | Bottom of the 1st over - 0 runs, 1 hit, 0 errors, 2 left on base; Baffin Island 0 - St. Louis 0 | TOP OF THE 2ND |
---|
Baffin Island Beavers batting - Pitching for St. Louis Browns : RHP Scott Walker | Batting: LHB Lorenzo Villa | 0-0: Foul Ball, location: 2F 0-1: Fly out, F5 (Flyball, 56D) | Batting: LHB Howard Evans | 0-0: Called Strike 0-1: Foul Ball, location: 2F 0-2: Fly out, F9 (Flyball, 89S) | Batting: RHB Felipe Rivera | 0-0: Ball 1-0: Fly out, F4 (Popup, 34D) | Top of the 2nd over - 0 runs, 0 hits, 0 errors, 0 left on base; Baffin Island 0 - St. Louis 0 | BOTTOM OF THE 2ND |
---|
St. Louis Browns batting - Pitching for Baffin Island Beavers : RHP Jesse Little | Batting: RHB Anthony Rucker | 0-0: Ground out 3-1 (Groundball, 34S) | Batting: LHB Marvin Morris | 0-0: Called Strike 0-1: Swinging Strike 0-2: Ball 1-2: Fly out, F5 (Popup, 25F) | Batting: RHB António Venecia | 0-0: Called Strike 0-1: Ball 1-1: Swinging Strike 1-2: Strikes out looking | Bottom of the 2nd over - 0 runs, 0 hits, 0 errors, 0 left on base; Baffin Island 0 - St. Louis 0 | TOP OF THE 3RD |
---|
Baffin Island Beavers batting - Pitching for St. Louis Browns : RHP Scott Walker | Batting: RHB Alden Isenhood | 0-0: Ground out U3 (Groundball, 3L) | Batting: LHB Mike MacFadden | 0-0: Ball 1-0: SINGLE (Groundball, 34S) (infield hit) | Batting: RHB Tomás Díaz | 0-0: Ball 1-0: Called Strike 1-1: Ground out 5-3 (Groundball, 56S) Mike MacFadden to second | Batting: LHB Norberto Muńóz | 0-0: Ball 1-0: Ball Wild Pitch! Mike MacFadden to third 2-0: Ball 3-0: Called Strike 3-1: Fly out, F9 (Flyball, 89M) | Top of the 3rd over - 0 runs, 1 hit, 0 errors, 1 left on base; Baffin Island 0 - St. Louis 0 | BOTTOM OF THE 3RD |
---|
St. Louis Browns batting - Pitching for Baffin Island Beavers : RHP Jesse Little | Batting: RHB Manuel Alonso | 0-0: Ball 1-0: Ball 2-0: Foul Ball, location: 2F 2-1: Fly out, F8 (Flyball, 8LM) | Batting: RHB José Flores | 0-0: Foul Ball, location: 2F 0-1: Hit by Pitch | Batting: RHB Carlos Alfaro | 0-0: Ball José Flores steals 2nd base 1-0: Called Strike 1-1: Foul Ball, location: 2F 1-2: Ball 2-2: Fly out, F9 (Flyball, 9LS) | Batting: LHB Mike Hill | 0-0: Ball 1-0: Ball 2-0: Ball 3-0: Called Strike 3-1: Base on Balls | Batting: RHB Adrian Prouse | 0-0: Called Strike 0-1: Foul Ball, location: 2F 0-2: Foul Ball, location: 2F 0-2: Strikes out swinging | Bottom of the 3rd over - 0 runs, 0 hits, 0 errors, 2 left on base; Baffin Island 0 - St. Louis 0 | TOP OF THE 4TH |
---|
Baffin Island Beavers batting - Pitching for St. Louis Browns : RHP Scott Walker | Batting: RHB Dave Craig | 0-0: Ball 1-0: Ball 2-0: Swinging Strike 2-1: Called Strike 2-2: Fly out, F9 (Flyball, 9) | Batting: RHB Tony Morton | 0-0: Called Strike 0-1: Ball 1-1: Swinging Strike 1-2: Ball 2-2: Fly out, F8 (Flyball, 8RS) | Batting: LHB Lorenzo Villa | 0-0: Ball 1-0: Swinging Strike 1-1: Ball 2-1: Ground out 4-3 (Groundball, 4S) | Top of the 4th over - 0 runs, 0 hits, 0 errors, 0 left on base; Baffin Island 0 - St. Louis 0 | BOTTOM OF THE 4TH |
---|
St. Louis Browns batting - Pitching for Baffin Island Beavers : RHP Jesse Little | Batting: LHB Junior Coates | 0-0: Ball 1-0: Ball 2-0: SINGLE (Groundball, 56D) | Batting: RHB Anthony Rucker | 0-0: SINGLE (Groundball, 56D) Junior Coates to second | Batting: LHB Marvin Morris | 0-0: Called Strike 0-1: Ball 1-1: Fly out, F7 (Flyball, 78D) | Batting: RHB António Venecia | 0-0: Ball 1-0: 3-RUN HOME RUN (Line Drive, 9D), Distance : 364 ft | Batting: RHB Manuel Alonso | 0-0: Called Strike 0-1: Foul Ball, location: 2F 0-2: Ball 1-2: SINGLE (Flyball, 3D) | Batting: RHB José Flores | 0-0: Ball 1-0: Called Strike 1-1: Ball 2-1: Ball 3-1: Base on Balls Manuel Alonso to second | Batting: RHB Carlos Alfaro | 0-0: Called Strike 0-1: Ball 1-1: Ball 2-1: Swinging Strike 2-2: Ball 3-2: SINGLE (Flyball, 89S) Manuel Alonso to third José Flores to second Runner from 3rd tries for Home, throw and OUT! | Batting: LHB Mike Hill | 0-0: Ball 1-0: Ball 2-0: Foul Ball, location: 2F 2-1: Foul Ball, location: 2F 2-2: Fly out, F6 (Popup, 6M) | Bottom of the 4th over - 3 runs, 5 hits, 0 errors, 2 left on base; Baffin Island 0 - St. Louis 3 | TOP OF THE 5TH |
---|
Baffin Island Beavers batting - Pitching for St. Louis Browns : RHP Scott Walker | Batting: LHB Howard Evans | 0-0: Called Strike 0-1: Ball 1-1: Foul Ball, location: 2F 1-2: Ball 2-2: Ball 3-2: Base on Balls | Batting: RHB Felipe Rivera | 0-0: DOUBLE (Line Drive, 9LM) Howard Evans to third | Batting: RHB Alden Isenhood | 0-0: Ball 1-0: Swinging Strike 1-1: Foul Ball, location: 2F 1-2: DOUBLE (Flyball, 9D) Howard Evans scores Felipe Rivera scores | Batting: LHB Mike MacFadden | 0-0: Called Strike 0-1: Ball 1-1: Called Strike 1-2: Fly out, F6 (Popup, 6S) | Batting: RHB Tomás Díaz | 0-0: Ball Alden Isenhood steals 3rd base 1-0: Fly out, F9 (Flyball, 9S) | Batting: LHB Norberto Muńóz | 0-0: Ball 1-0: Foul Ball, location: 2F 1-1: Called Strike 1-2: SINGLE (Groundball, 34D) Alden Isenhood scores | Batting: RHB Dave Craig | 0-0: Called Strike Norberto Muńóz steals 2nd base 0-1: Ball 1-1: Foul Ball, location: 2F 1-2: Fly out, F6 (Line Drive, 6) | Top of the 5th over - 3 runs, 3 hits, 0 errors, 1 left on base; Baffin Island 3 - St. Louis 3 | BOTTOM OF THE 5TH |
---|
St. Louis Browns batting - Pitching for Baffin Island Beavers : RHP Jesse Little | Batting: RHB Adrian Prouse | 0-0: Ball 1-0: Ball 2-0: Ball 3-0: Base on Balls | Batting: LHB Junior Coates | 0-0: Ball 1-0: Ball 2-0: Called Strike 2-1: Foul Ball, location: 2F 2-2: SINGLE (Groundball, 6D) Adrian Prouse to second Runner from 2nd tries for 3rd, SAFE, throw made to third | Batting: RHB Anthony Rucker | 0-0: Ball Wild Pitch! Adrian Prouse scores Junior Coates to second 1-0: Foul Ball, location: 2F 1-1: Fly out, F7 (Flyball, 7LS) | Batting: LHB Marvin Morris | 0-0: Intentional Walk | Pitching: LHP Cecil Bonekamp | | Batting: RHB António Venecia | 0-0: Called Strike 0-1: Called Strike 0-2: Ball 1-2: Ball 2-2: Foul Ball, location: 2F 2-2: Foul Ball, location: 2F 2-2: Ball 3-2: Base on Balls Junior Coates to third Marvin Morris to second | Batting: RHB Manuel Alonso | 0-0: Grounds into fielders choice 5-2 (Groundball, 5) Marvin Morris to third António Venecia to second | Batting: RHB José Flores | 0-0: Ball 1-0: Foul Ball, location: 2F 1-1: Fly out, F8 (Flyball, 89M) | Bottom of the 5th over - 1 run, 1 hit, 0 errors, 3 left on base; Baffin Island 3 - St. Louis 4 | TOP OF THE 6TH |
---|
Baffin Island Beavers batting - Pitching for St. Louis Browns : RHP Scott Walker | Batting: RHB Tony Morton | 0-0: Foul Ball, location: 2F 0-1: Called Strike 0-2: Ball 1-2: Strikes out swinging | Batting: LHB Lorenzo Villa | 0-0: Called Strike 0-1: Ground out U3 (Groundball, 3) | Batting: LHB Howard Evans | 0-0: Ball 1-0: Ground out 4-3 (Groundball, 34) | Top of the 6th over - 0 runs, 0 hits, 0 errors, 0 left on base; Baffin Island 3 - St. Louis 4 | BOTTOM OF THE 6TH |
---|
St. Louis Browns batting - Pitching for Baffin Island Beavers : LHP Cecil Bonekamp | Batting: RHB Carlos Alfaro | 0-0: Ground out 5-3 (Groundball, 56) | Batting: LHB Mike Hill | 0-0: Called Strike 0-1: Foul Ball, location: 2F 0-2: Ball 1-2: Ground out 4-3 (Groundball, 4) | Batting: RHB Adrian Prouse | 0-0: Called Strike 0-1: Swinging Strike 0-2: Ball 1-2: Ball 2-2: Ground out 3-1 (Groundball, 34) | Bottom of the 6th over - 0 runs, 0 hits, 0 errors, 0 left on base; Baffin Island 3 - St. Louis 4 | TOP OF THE 7TH |
---|
Baffin Island Beavers batting - Pitching for St. Louis Browns : RHP Scott Walker | Batting: RHB Felipe Rivera | 0-0: Foul Ball, location: 2F 0-1: Fly out, F7 (Flyball, 78M) | Batting: RHB Alden Isenhood | 0-0: Called Strike 0-1: Ball 1-1: Ball 2-1: Fly out, F4 (Popup, 23) | Batting: LHB Mike MacFadden | 0-0: Ball 1-0: Ball 2-0: Called Strike 2-1: Foul Ball, location: 2F 2-2: Foul Ball, location: 2F 2-2: Foul Ball, location: 2F 2-2: Strikes out looking | Top of the 7th over - 0 runs, 0 hits, 0 errors, 0 left on base; Baffin Island 3 - St. Louis 4 | BOTTOM OF THE 7TH |
---|
St. Louis Browns batting - Pitching for Baffin Island Beavers : LHP Cecil Bonekamp | Batting: LHB Junior Coates | 0-0: Swinging Strike 0-1: Called Strike 0-2: Ball 1-2: Strikes out swinging | Batting: RHB Anthony Rucker | 0-0: Called Strike 0-1: SINGLE (Line Drive, 5D) | Pinch Hitting: RHB Jeff Jones | 0-0: Ball 1-0: Foul Ball, location: 2F 1-1: Ball 2-1: SINGLE (Flyball, 89S) Anthony Rucker to second Runner from 2nd tries for 3rd, SAFE, throw made to third | Batting: RHB António Venecia | 0-0: Ball 1-0: Foul Ball, location: 2F 1-1: Ball 2-1: Ball 3-1: Fly out, F2 (Popup, 25F) | Batting: RHB Manuel Alonso | 0-0: Called Strike 0-1: Foul Ball, location: 2F 0-2: Ball Passed Ball! Anthony Rucker scores Jeff Jones to second 1-2: Hit by Pitch | Batting: RHB José Flores | 0-0: Fielders Choice at 2nd, 6-4 (Groundball, 56) | Bottom of the 7th over - 1 run, 2 hits, 0 errors, 2 left on base; Baffin Island 3 - St. Louis 5 | TOP OF THE 8TH |
---|
Baffin Island Beavers batting - Pitching for St. Louis Browns : RHP Scott Walker | Pitching: RHP Alex Stanford | | Now at 1B: Jeff Jones | | Batting: RHB Tomás Díaz | 0-0: Called Strike 0-1: Ball 1-1: Ball 2-1: Called Strike 2-2: Ball 3-2: Base on Balls | Batting: LHB Norberto Muńóz | 0-0: Called Strike 0-1: Ball 1-1: Ball 2-1: Ground out 4-3 (Groundball, 34) Tomás Díaz to second | Batting: RHB Dave Craig | 0-0: Ball 1-0: Ball 2-0: Ball 3-0: Base on Balls | Batting: RHB Tony Morton | 0-0: Ball 1-0: Grounds into double play, 6-4-3 (Groundball, 6) | Top of the 8th over - 0 runs, 0 hits, 0 errors, 1 left on base; Baffin Island 3 - St. Louis 5 | BOTTOM OF THE 8TH |
---|
St. Louis Browns batting - Pitching for Baffin Island Beavers : LHP Cecil Bonekamp | Batting: RHB Carlos Alfaro | 0-0: Called Strike 0-1: Ball 1-1: Called Strike 1-2: Foul Ball, location: 2F 1-2: Ball 2-2: Foul Ball, location: 2F 2-2: Ball 3-2: Base on Balls | Batting: LHB Mike Hill | 0-0: Called Strike 0-1: SINGLE (Line Drive, 4D) Carlos Alfaro to second | Batting: RHB Adrian Prouse | 0-0: Ball 1-0: Fly out, F9 (Flyball, 89M) | Pinch Hitting: RHB Javier Martínez | 0-0: Called Strike 0-1: Fielders Choice at 2nd, 6-4 (Groundball, 6) Carlos Alfaro to third | Pitching: RHP Tony Rocha | | Batting: RHB Anthony Rucker | 0-0: Foul Ball, location: 2F 0-1: Ball 1-1: Ball 2-1: Foul Ball, location: 2F 2-2: Ball 3-2: Foul Ball, location: 2F 3-2: Base on Balls Javier Martínez to second | Batting: RHB Jeff Jones | 0-0: Ball 1-0: GRAND SLAM HOME RUN (Flyball, 7LD), Distance : 358 ft | Batting: RHB António Venecia | 0-0: Foul Ball, location: 2F 0-1: Swinging Strike 0-2: Foul Ball, location: 2F 0-2: Foul Ball, location: 2F 0-2: Ball 1-2: Foul Ball, location: 2F 1-2: Strikes out swinging | Bottom of the 8th over - 4 runs, 2 hits, 0 errors, 0 left on base; Baffin Island 3 - St. Louis 9 | TOP OF THE 9TH |
---|
Baffin Island Beavers batting - Pitching for St. Louis Browns : RHP Alex Stanford | Now in LF: Javier Martínez | | Batting: LHB Lorenzo Villa | 0-0: Called Strike 0-1: Called Strike 0-2: DOUBLE (Line Drive, 89XD) | Batting: LHB Howard Evans | 0-0: Ball 1-0: Called Strike 1-1: Ball Wild Pitch! Lorenzo Villa to third 2-1: DOUBLE (Line Drive, 9LD) Lorenzo Villa scores | Batting: RHB Felipe Rivera | 0-0: Ball 1-0: Called Strike 1-1: Foul Ball, location: 2F 1-2: Ball 2-2: Foul Ball, location: 2F 2-2: Foul Ball, location: 2F 2-2: Ball 3-2: Foul Ball, location: 2F 3-2: Base on Balls | Batting: RHB Alden Isenhood | 0-0: Called Strike 0-1: Ball 1-1: Fly out, F4 (Line Drive, 4) | Batting: LHB Mike MacFadden | 0-0: Called Strike 0-1: Called Strike 0-2: DOUBLE (Line Drive, 9LM) Howard Evans scores Felipe Rivera to third | Pitching: RHP Cristóbal Gómez | | Batting: RHB Tomás Díaz | 0-0: Ball 1-0: Ground out 5-3 (Groundball, 56S) Felipe Rivera scores Mike MacFadden to third | Batting: LHB Norberto Muńóz | 0-0: Foul Ball, location: 2F 0-1: Ball 1-1: Ball 2-1: Ball 3-1: Base on Balls | Batting: RHB Dave Craig | 0-0: Ball 1-0: Swinging Strike 1-1: Ball 2-1: Ball 3-1: Base on Balls Norberto Muńóz to second | Batting: RHB Tony Morton | 0-0: Foul Ball, location: 2F 0-1: Swinging Strike Passed Ball! Mike MacFadden scores Norberto Muńóz to third Dave Craig to second 0-2: SINGLE (Line Drive, 6D) Norberto Muńóz scores Dave Craig to third Runner from 3rd tries for Home, SAFE, throw made home | Batting: LHB Lorenzo Villa | 0-0: Ball 1-0: Swinging Strike 1-1: Ball 2-1: Called Strike Tony Morton steals 2nd base 2-2: Fly out, F4 (Flyball, 34D) | Top of the 9th over - 6 runs, 4 hits, 0 errors, 1 left on base; Baffin Island 9 - St. Louis 9 | BOTTOM OF THE 9TH |
---|
St. Louis Browns batting - Pitching for Baffin Island Beavers : RHP Tony Rocha | Pitching: LHP Brent Miller | | Batting: RHB Manuel Alonso | 0-0: Fly out, F9 (Flyball, 9S) | Batting: RHB José Flores | 0-0: Ball 1-0: Called Strike 1-1: Ball 2-1: Ball 3-1: Base on Balls | Batting: RHB Carlos Alfaro | 0-0: Ball 1-0: SINGLE (Groundball, 34D) José Flores to second Runner from 2nd tries for 3rd, SAFE, no throw | Batting: LHB Mike Hill | 0-0: Called Strike 0-1: Fly out, F5 (Popup, 56) | Batting: RHB Adrian Prouse | 0-0: Ball 1-0: Ball 2-0: Fielders Choice at 2nd, 5-4 (Groundball, 5) | Bottom of the 9th over - 0 runs, 1 hit, 0 errors, 2 left on base; Baffin Island 9 - St. Louis 9 | TOP OF THE 10TH |
---|
Baffin Island Beavers batting - Pitching for St. Louis Browns : RHP Cristóbal Gómez | Pitching: RHP Martín Ortíz | | Batting: LHB Howard Evans | 0-0: Ball 1-0: Ball 2-0: SINGLE (Groundball, 6MD) | Batting: RHB Felipe Rivera | 0-0: Ball 1-0: Bunted foul 1-1: Bunted foul 1-2: Ball 2-2: Ball 3-2: Fly out, F4 (Line Drive, 4) | Batting: RHB Alden Isenhood | 0-0: Ball 1-0: SINGLE (Line Drive, 34) Howard Evans to second Runner from 2nd tries for 3rd, SAFE, throw made to third | Batting: LHB Mike MacFadden | 0-0: Ball 1-0: Ball 2-0: Foul Ball, location: 2F 2-1: Squeeze Bunt - play home, runner scores, batter safe! Howard Evans scores Alden Isenhood to second | Pinch Hitting: LHB César Valentín | 0-0: Called Strike 0-1: Swinging Strike 0-2: Fly out, F6 (Popup, 6M) | Batting: LHB Norberto Muńóz | 0-0: SINGLE (Line Drive, 6MD) Alden Isenhood to third Mike MacFadden to second Runner from 3rd tries for Home, SAFE, throw made home | Batting: RHB Dave Craig | 0-0: Ball 1-0: Ball 2-0: Called Strike 2-1: Foul Ball, location: 2F 2-2: Fielders Choice at 2nd, 6-4 (Groundball, 56) | Top of the 10th over - 2 runs, 3 hits, 0 errors, 2 left on base; Baffin Island 11 - St. Louis 9 | BOTTOM OF THE 10TH |
---|
St. Louis Browns batting - Pitching for Baffin Island Beavers : LHP Brent Miller | Now at SS: Jonathan MacVey | | Batting: RHB Javier Martínez | 0-0: Ball 1-0: Ground out U3 (Groundball, 3) | Batting: RHB Anthony Rucker | 0-0: Ball 1-0: Called Strike 1-1: Foul Ball, location: 2F 1-2: Ball 2-2: Ground out 6-3 (Groundball, 6S) | Batting: RHB Jeff Jones | 0-0: Ball 1-0: Ball 2-0: Called Strike 2-1: Swinging Strike 2-2: Ground out 4-3 (Groundball, 4M) | Bottom of the 10th over - 0 runs, 0 hits, 0 errors, 0 left on base; Baffin Island 11 - St. Louis 9 | |